 Dungeon Crawl Stone Soup version 0.19-a0-1025-g778f431 (webtiles) character file.

112 Leszczynek the Cudgeler (level 4, -2/48 HPs)
             Began as an Ogre Abyssal Knight on July 28, 2016.
             Was a Priest of Lugonu.
             Slain by a hound (6 damage)
             ... on level 5 of the Dungeon.
             The game lasted 00:07:56 (3470 turns).

Leszczynek the Cudgeler (Ogre Abyssal Knight)       Turns: 3470, Time: 00:07:57

Health: -2/48      AC:  4    Str: 17      XL:     4   Next: 93%
Magic:  5/5        EV: 10    Int: 16      God:    Lugonu [***...]
Gold:   169        SH:  0    Dex:  9 (10) Spells: 2 memorised, 1 level left

rFire  . . .     SeeInvis .     a - +1 mace
rCold  . . .     Gourm    .     b - +1 robe
rNeg   . . .     Faith    .     (no shield)
rPois  .         Spirit   .     (helmet restricted)
rElec  .         Dismiss  .     (no cloak)
rCorr  .         Reflect  .     (gloves unavailable)
SustAt .         Harm     .     (boots unavailable)
MR     .....                    (no amulet)
Stlth  +.........               (no ring)
                                (no ring)

@: brilliant, slowed, very slow, not resistant to hostile enchantments, very
unstealthy
A: unfitting armour, tough skin 1
a: Depart the Abyss, Bend Space, Banish, Renounce Religion


You were on level 5 of the Dungeon.
You worshipped Lugonu.
Lugonu was most pleased with you.
You were not hungry.

You visited 1 branch of the dungeon, and saw 5 of its levels.
You visited the Abyss 1 time.

You collected 169 gold pieces.

Inventory:

Hand Weapons
 a - a +1 mace (weapon)
Missiles
 g - 22 sling bullets
 l - 24 stones (quivered)
 u - 5 tomahawks
Armour
 b - a +1 robe (worn)
Scrolls
 j - a scroll of magic mapping
Potions
 f - a potion of brilliance
 h - a potion of haste {unknown}
 o - a potion of curing {unknown}
 q - a potion of flight {unknown}
 r - a potion of lignification {unknown}
Comestibles
 c - a bread ration
 p - 2 beef jerkies


   Skills:
 - Level 4.0 Fighting
 + Level 5.6 Maces & Flails
 - Level 2.1 Dodging
 - Level 2.0 Stealth
 - Level 2.0 Invocations


You had one spell level left.
You knew the following spells:

 Your Spells              Type           Power        Failure   Level  Hunger
a - Apportation           Tloc           #.........   3%          1    ##.....
b - Summon Butterflies    Summ           #.......     3%          1    ##.....


Dungeon Overview and Level Annotations

Branches:
Dungeon (5/15)             Temple (0/1) D:4

Altars:
Dithmenos
Fedhas
Uskayaw
Xom

Annotations:
D:2 yiuf, exclusions: rat and 1 more exclusion, Ijyb, Sigmund
D:3 Leszczynek's ghost, amateur OgAK
D:4 exclusion: wasp, Eustachio; Pikel


Innate Abilities, Weirdness & Mutations

You are too large for most types of armour.
You have tough skin. (AC +1)


Message History

Unknown command.
The hound completely misses you. The howler monkey hits you.
* * * LOW HITPOINT WARNING * * *
The hound closely misses you.
Found a scroll labeled VYIPROAPAR.
The hound bites you.
* * * LOW HITPOINT WARNING * * *
The hound misses you. The orc hits you with a hand axe.
* * * LOW HITPOINT WARNING * * *
The hound barely misses you.
It was a potion of brilliance.
You feel clever all of a sudden. The hound bites you.
* * * LOW HITPOINT WARNING * * *
The hound bites you but does no damage.
The howler monkey hoots and howls with incredible vigour!
The hound bites you but does no damage.
You hear a shout! x2
It was a potion of magic.
Magic courses through your body. The hound bites you.
You die...

##########
#...<....#
#........#
#........##
....###.##..##
###.....@ho..#
#####.##h.......
#..###..#... ##.
#...... ##....
..?. ..


You could see a howler monkey, a hound and an orc.

Vanquished Creatures
  An adder (D:3)
  A worm (D:3)
  2 dart slugs
  3 giant geckos
  8 orcs (D:3)
  3 giant cockroaches
  4 goblins
  9 hobgoblins
  9 jackals
  11 kobolds
  A quokka (D:3)
  A ball python (D:3)
  9 bats
  7 giant newts
  11 rats
80 creatures vanquished.

Notes
Turn   | Place    | Note
-------+----------+-------------------------------------------
     0 | Abyss:1  | Leszczynek the Ogre Abyssal Knight began the quest for the Orb.
     0 | Abyss:1  | Reached XP level 1. HP: 24/24 MP: 2/2
    51 | Abyss:1  | Noticed a thrashing horror
    51 | D:1      | Escaped the Abyss
   108 | D:1      | Reached * piety under Lugonu
   108 | D:1      | Reached skill level 1 in Stealth
   230 | D:1      | Reached XP level 2. HP: 32/32 MP: 3/3
   392 | D:1      | Reached skill level 2 in Stealth
   458 | D:1      | Reached skill level 3 in Maces & Flails
   477 | D:1      | Reached XP level 3. HP: 39/39 MP: 4/4
   858 | D:2      | Found a shimmering altar of Xom.
   858 | D:2      | Found a shimmering altar of Xom.
   858 | D:2      | Found a shimmering altar of Xom.
   858 | D:2      | Found a shimmering altar of Xom.
   858 | D:2      | Found a shimmering altar of Xom.
   921 | D:2      | Noticed Sigmund
   942 | D:2      | Noticed Ijyb
   957 | D:2      | Found a shimmering altar of Xom.
  1148 | D:2      | Found a shadowy altar of Dithmenos.
  1154 | D:2      | Learned a level 1 spell: Apportation
  1156 | D:2      | Learned a level 1 spell: Summon Butterflies
  1290 | D:2      | Reached ** piety under Lugonu
  1592 | D:3      | Reached skill level 4 in Maces & Flails
  1848 | D:3      | Found a blossoming altar of Fedhas.
  1933 | D:3      | Reached XP level 4. HP: 47/48 MP: 5/5
  2751 | D:3      | Reached skill level 5 in Maces & Flails
  2919 | D:3      | Reached *** piety under Lugonu
  3026 | D:3      | Noticed a big kobold
  3076 | D:3      | Noticed Leszczynek's ghost (amateur OgAK)
  3174 | D:4      | Noticed a slave
  3175 | D:4      | Noticed a slave
  3175 | D:4      | Noticed a slave
  3176 | D:4      | Noticed Pikel
  3355 | D:4      | Found a hide-covered altar of Uskayaw.
  3389 | D:4      | Found a staircase to the Ecumenical Temple.
  3407 | D:4      | Noticed a wasp
  3409 | D:4      | are you fucking kidding me
  3409 | D:4      | bullshit
  3418 | D:4      | Noticed an ogre
  3419 | D:4      | Noticed Eustachio
  3433 | D:4      | wand of slowing?
  3433 | D:4      | fuck you too
  3460 | D:5      | Entered Level 5 of the Dungeon
  3469 | D:5      | HP: 4/48 [hound (1)]
  3470 | D:5      | Slain by a hound

Vault maps used:
D:1:      lemuel_arrival_tunnels, serial_bayou_pond_e
D:2:      xom_redecorated, nicolae_dithmenos_through_a_glass_darkly,
          uniq_sigmund, uniq_crazy_yiuf_cottage, uniq_iyjb
D:3:      minmay_goblin_kobold_castle, nicolae_overflow_crystal_walls,
          minmay_surrounded
D:4:      lemuel_coloured_pillars_altar, first_bread, uniq_pikel, uniq_eustachio
D:5:      minitemple, grunt_pakellas_mercury

Skill      XL: |  1  2  3  4 |
---------------+-------------+-----
Stealth        | 1 2 |  2.0
Maces & Flails | 3 4 5 |  5.6
Fighting       | |  4.0
Dodging        | |  2.1
Invocations    | |  2.0

Action                   |  1- 3 |  4- 6 || total
-------------------------+-------+-------++-------
Melee: Mace              |   123 |   118 ||   241
Throw: Stone             |     7 |    16 ||    23
Invok: Depart the Abyss  |     1 |       ||     1
  Use: Scroll            |       |     7 ||     7
       Potion            |       |     2 ||     2
 Stab: Sleeping          |     5 |       ||     5
  Eat: Chunk             |     3 |     5 ||     8
Armor: Robe              |    46 |    86 ||   132
Dodge: Dodged            |    71 |   119 ||   190
